 Dungeon Crawl Stone Soup version 0.24.0-13-gcf9b319 (webtiles) character file.

Game seed: 12713833673624698052, levelgen mode: deterministic

81 Fang the Skirmisher (level 4, -2/43 HPs)
             Began as a Gargoyle Berserker on Nov 13, 2019.
             Was a Believer of Trog.
             Slain by a gnoll
             ... wielding a +0 spear
              (3 damage)
             ... on level 2 of the Dungeon.
             The game lasted 00:01:38 (1374 turns).

Fang the Skirmisher (Gargoyle Berserker)            Turns: 1374, Time: 00:01:39

Health: -2/43      AC:  5    Str: 26    XL:     4   Next: 40%
Magic:  4/4        EV: 11    Int:  8    God:    Trog [**....]
Gold:   46         SH:  0    Dex:  9    Spells: 3/3 levels left

rFire    . . .     SeeInvis .   a - +0 hand axe
rCold    . . .     Gourm    .   (no shield)
rNeg     + . .     Faith    .   b - +0 animal skin
rPois    ∞         Spirit   .   (no helmet)
rElec    +         Reflect  .   (no cloak)
rCorr    .         Harm     .   (no gloves)
MR       .....                  (no boots)
Stlth    ..........             (no amulet)
HPRegen  0.14/turn              (no ring)
MPRegen  0.09/turn              (no ring)

@: berserking, heavily drained, very quick
A: negative energy resistance 1, electricity resistance, unbreathing,
petrification resistance, rot immunity, AC +3
a: Berserk, Trog's Hand, Renounce Religion


You were on level 2 of the Dungeon.
You worshipped Trog.
Trog was pleased with you.
You were hungry.

You visited 1 branch of the dungeon, and saw 2 of its levels.

You collected 46 gold pieces.

Inventory:

Hand Weapons
 a - a +0 hand axe (weapon)
Armour
 b - a +0 animal skin (worn)
Scrolls
 h - a scroll of remove curse {unknown}
 i - 2 scrolls of noise {unknown}
 j - a scroll of identify {unknown}
 l - a scroll of random uselessness {unknown}
 m - a scroll of enchant weapon {unknown}
 n - a scroll of immolation {unknown}
Potions
 e - a potion of cancellation {unknown}
 f - a potion of brilliance {unknown}
 g - a potion of curing {unknown}
 k - a potion of degeneration {unknown}
Comestibles
 c - 3 rations
 d - a chunk of flesh


   Skills:
 + Level 4.0(2.7) Fighting
 + Level 3.2(1.9) Axes
 + Level 3.0(1.7) Armour
 + Level 2.3(1.0) Dodging


You had 3 spell levels left.
You didn't know any spells.
Your spell library was empty.

Dungeon Overview and Level Annotations

Branches:
Dungeon (2/15)

Altars:


Innate Abilities, Weirdness & Mutations

You are resistant to torment.
Your stone body is resilient. (AC +3)
You are immune to poison.
You resist negative energy. (rN+)
You are resistant to electric shocks. (rElec)
You can survive without breathing.
You are immune to petrification.
You are immune to rotting.


Message History

You slash the gnoll!
You kill the gnoll!
Trog accepts your kill.
Your base Armour skill increases to level 3!
You slash the gnoll!
You kill the gnoll!
Trog accepts your kill.
Your base Fighting skill increases to level 4!
The gnoll hits you from afar with a +0 spear!
* * * LOW HITPOINT WARNING * * *
The gnoll closely misses you.
You see here a gnoll corpse.
You feel a strong urge to attack something.
The gnoll hits you with a +0 spear.
* * * LOW HITPOINT WARNING * * *
The gnoll barely misses you.
You slash the gnoll!
The gnoll is severely wounded.
You barely miss the gnoll. The gnoll hits you with a +0 spear.
You die...

.. ........ ##. #.......
.#....... .....
........# ###.... #
........######........#.
........#...............
......gg#.........##....
#@)..........#....
#†......)###.#.#..
##........##.......
#.?...............#
#........###...>...
#........# #......#
#........# #......#
#...###### #......#
#...# #......#


You could see 2 gnolls.

Vanquished Creatures
  2 gnolls (D:2)
  2 oozes (D:1)
  2 dart slugs (D:1)
  A ball python (D:2)
  2 giant cockroaches
  2 goblins (D:1)
  4 hobgoblins
  4 jackals (D:1)
  7 kobolds
  7 bats (D:1)
  3 frilled lizards (D:1)
  16 rats (D:1)
52 creatures vanquished.

Notes
Turn   | Place    | Note
-------+----------+-------------------------------------------
     0 | D:1      | Fang the Gargoyle Berserker began the quest for the Orb.
     0 | D:1      | Reached XP level 1. HP: 14/14 MP: 1/1
   186 | D:1      | Reached XP level 2. HP: 14/19 MP: 2/2
   550 | D:1      | Reached XP level 3. HP: 22/23 MP: 3/3
   566 | D:1      | Reached ** piety under Trog
  1324 | D:2      | Reached XP level 4. HP: 27/29 MP: 4/4
  1371 | D:2      | Reached skill level 4 in Fighting
  1371 | D:2      | HP: 2/43 [gnoll/+0 spear (7)]
  1374 | D:2      | Slain by a gnoll

Levels and vault maps discovered:
D:1:      erik_arrival_orb_chamber, layout_loops_ring
D:2:      layout_basic

Skill      XL: |  1  2  3  4 |
---------------+-------------+-----
Axes           | 3 |  3.2
Dodging        | 2 |  2.3
Armour         | 3 |  3.0
Fighting       | 4 |  4.0

Action                   |  1- 3 |  4- 6 || total
-------------------------+-------+-------++-------
Melee: Hand axe          |   153 |    11 ||   164
Invok: Berserk           |       |     1 ||     1
 Stab: Sleeping          |     2 |       ||     2
  Eat: Chunk             |     1 |     1 ||     2
Armor: Animal skin       |    59 |     3 ||    62
Dodge: Dodged            |   104 |    14 ||   118
